 Dungeon Crawl Stone Soup version 0.27-a0-1149-g4505690ab0 (webtiles) character file.

Game seed: 17516540979143197612

1367 jasper the Skirmisher (level 8, -4/72 HPs)
             Began as a Naga Fighter on May 13, 2021.
             Killed from afar by a white imp (11 damage)
             ... with a puff of frost
             ... summoned by Eustachio
             ... on level 5 of the Dungeon.
             The game lasted 00:08:38 (3829 turns).

jasper the Skirmisher (Naga Fighter)                Turns: 3829, Time: 00:08:39

Health: -4/72      AC: 13    Str: 19    XL:     8   Next: 65%
Magic:  0/8        EV:  1    Int: 10    God:
Gold:   210        SH:  9    Dex: 13    Spells: 7/7 levels left

rFire    . . .     SeeInvis +     - Unarmed
rCold    . . .     Faith    .   c - +0 kite shield
rNeg     . . .     Spirit   +   p - +0 plate armour
rPois    +         Reflect  .   l - +2 helmet
rElec    .         Harm     .   w - scarf {shadows}
rCorr    .         Rampage  .   r - +1 pair of gloves
Will     +....                  (no barding)
Stlth    ..........             s - amulet of guardian spirit
HPRegen  0.22/turn              (no ring)
MPRegen  0.11/turn              (no ring)

@: brilliant, short of breath, very slow
A: AC +2, large, see invisible, deformed body, poison resistance, slowness 2,
spit poison 1, naga tail 1, thin skeletal structure 1, frail 1, subdued magic 1
a: Spit Poison


You were on level 5 of the Dungeon.
You visited 2 branches of the dungeon, and saw 8 of its levels.

You collected 210 gold pieces.

Inventory:

Hand Weapons
 a - a +0 trident
 f - a +1 hunting sling
Missiles
 e - 14 sling bullets
 h - 46 stones
 t - 7 boomerangs
Armour
 b - a +0 scale mail
 c - a +0 kite shield (worn)
 l - a +2 helmet (worn)
 n - a scarf of harm
 p - a +0 plate armour (worn)
 r - a +1 pair of gloves (worn)
 w - a scarf of shadows (worn)
Magical Staves
 j - a staff of earth
Jewellery
 s - an amulet of guardian spirit (around neck)
Scrolls
 u - a scroll of magic mapping
 v - a scroll of identify
Potions
 g - a potion of degeneration
 k - 2 potions of flight


   Skills:
 + Level 7.9 Fighting
 - Level 2.8 Polearms
 - Level 2.4 Armour
 - Level 2.4 Shields
 + Level 6.8 Unarmed Combat


You had 7 spell levels left.
You didn't know any spells.
Your spell library was empty.

Dungeon Overview and Level Annotations

Branches:
Dungeon (7/15)             Temple (1/1) D:6

Altars:
Ashenzari
Dithmenos
Fedhas
Hepliaklqana
Kikubaaqudgha
Makhleb
Nemelex Xobeh
Okawaru
Uskayaw
Vehumet
Yredelemnul
Jiyva

Shops:
D:4 ?=(

Annotations:
D:5 Eustachio
D:7 Maggie


Innate Abilities, Weirdness & Mutations

Your serpentine skin is tough. (AC +2)
You have supernaturally acute eyesight. (SInv)
Armour fits poorly on your strangely shaped body.
Your system is resistant to poisons. (rPois)
You cover ground very slowly.
You can spit poison.
You have a snake-like lower body.
You have a somewhat thin skeletal structure. (Dex +2, Stealth+)
You are frail. (-10% HP)
Your spells are a little easier to cast, but a little less powerful.


Message History

Okay, then.
It was a potion of mutation.
You feel extremely strange.
You feel frail.
Your bones become slightly less dense.
Your connection to magic feels subdued.
The gnoll sergeant hits you but does no damage.
The gnoll sergeant hits you with a +0 trident.
You block the orc warrior's attack.
You take 3 damage, and have 37/72 hp.
It was a potion of cancellation.
You feel magically purged.
The gnoll sergeant hits you from afar with a +0 trident.
The gnoll sergeant hits you with a +0 trident.
You block the orc warrior's attack.
Eustachio casts a spell.
You take 9 damage, and have 28/72 hp.
You now have 3/8 mp.
It was a potion of brilliance.
You feel clever all of a sudden. You block the gnoll sergeant's attack.
The gnoll sergeant hits you with a +0 trident.
The orc warrior hits you with a +0 long sword.
You take 4 damage, and have 24/72 hp.
You now have 2/8 mp.
Press: ? - help, Shift-Dir - straight line, f/p - gnoll sergeant
Aim: a gnoll sergeant, wielding a +0 trident, wearing a +0 chain mail and wearing a +0 kite shield (almost dead)
The splash of poison hits the gnoll sergeant but does no damage.
The gnoll sergeant is poisoned.
The gnoll sergeant is almost dead.
The gnoll sergeant hits you but does no damage.
The gnoll sergeant hits you with a +0 trident.
You block the orc warrior's attack.
You take 1 damage, and have 23/72 hp.
You kill the gnoll sergeant!
The orc warrior hits you with a +0 long sword!
* * * LOW HITPOINT WARNING * * *
The white imp gestures at you. The puff of frost hits you!
* * * LOW HITPOINT WARNING * * *
Found a potion of might.
You take 16 damage, and have 7/72 hp.
MASSIVE DAMAGE!!
You now have 1/8 mp.
The white imp gestures at you. The puff of frost hits you!
You die...

#.# #####.######
...........# #.# ###
#####.####.# #!##....
### #.# #.# ##..#..##
..###.# #.# #.......
......# #.# #.......
#.###.# #.# #..###..
#.# #.# #.# #.@#)#. #.#
#.# #.# ##o5###.. #.#
#.# #.# #.g@5....
#.###.####.# #..)).5..
.....).....# #.#o######
......###### #...#
##.##.# ###w######
##.##.##########.....w.
.................######


You could see Eustachio, 2 orc warriors, a gnoll sergeant, 2 iron imps, a white
imp (summoned) and a dart slug.

Vanquished Creatures
  A steam dragon (D:7)
  Menkaure (D:5)
  An ice beast (D:5)
  A sky beast (D:7)
  A black bear (D:4)
  An ogre (D:5)
  A phantom (D:6)
  3 gnoll sergeants
  A scorpion (D:4)
  2 killer bees (D:3)
  2 centaur zombies
  A hound (D:6)
  A bullfrog skeleton (D:6)
  Jessica (D:2)
  An orc wizard (D:4)
  An iguana (D:5)
  4 gnolls (D:3)
  4 adders
  A worm (D:2)
  3 dart slugs
  9 orcs
  10 bats
  4 endoplasms
  3 giant cockroaches
  3 goblins
  7 hobgoblins
  6 jackals
  4 quokkas
  5 ball pythons
  2 frilled lizards
  5 kobolds
  6 rats
96 creatures vanquished.

Vanquished Creatures (others)
  A human (D:4)
  3 orcs
  A quokka (D:3)
5 creatures vanquished.

Grand Total: 101 creatures vanquished

Notes
Turn   | Place    | Note
-------+----------+-------------------------------------------
     0 | D:1      | jasper the Naga Fighter began the quest for the Orb.
     0 | D:1      | Reached XP level 1. HP: 21/21 MP: 1/1
   256 | D:1      | Found a faded altar of an unknown god.
   258 | D:1      | Reached XP level 2. HP: 28/28 MP: 2/2
   789 | D:1      | Identified a scroll of acquirement
   789 | D:1      | Acquired a staff of earth
   828 | D:2      | Reached XP level 3. HP: 34/34 MP: 3/3
   960 | D:2      | Reached skill level 1 in Unarmed Combat
  1220 | D:2      | Reached skill level 4 in Fighting
  1220 | D:2      | Reached XP level 4. HP: 44/44 MP: 4/4
  1241 | D:2      | Noticed Jessica
  1244 | D:2      | Killed Jessica
  1733 | D:3      | Noticed a gnoll sergeant
  1745 | D:3      | Reached XP level 5. HP: 46/51 MP: 5/5
  1949 | D:3      | Reached skill level 5 in Fighting
  1949 | D:3      | Reached XP level 6. HP: 60/61 MP: 6/6
  2055 | D:4      | Found Siunwel's Jewellery Boutique.
  2181 | D:4      | Noticed a black bear
  2187 | D:4      | Killed a black bear
  2196 | D:4      | Reached XP level 7. HP: 68/68 MP: 7/7
  2323 | D:4      | Found a blossoming altar of Fedhas.
  2376 | D:4      | Found Atob's Weapon Boutique.
  2443 | D:4      | Found a sparkling altar of Nemelex Xobeh.
  2581 | D:4      | Found an ancient bone altar of Kikubaaqudgha.
  2588 | D:4      | Noticed a human
  2588 | D:4      | Killed a human
  2632 | D:4      | Found Suasem's Magic Scroll Boutique.
  2693 | D:5      | Entered Level 5 of the Dungeon
  2705 | D:5      | Reached skill level 6 in Fighting
  2908 | D:5      | You fall into a shaft and drop 2 floors!
  2920 | D:7      | Noticed a steam dragon
  2926 | D:7      | Killed a steam dragon
  2927 | D:7      | Reached skill level 5 in Unarmed Combat
  3029 | D:7      | Noticed Maggie
  3060 | D:6      | Reached XP level 8. HP: 61/78 MP: 8/8
  3156 | D:6      | Reached skill level 7 in Fighting
  3156 | D:6      | Found a staircase to the Ecumenical Temple.
  3184 | Temple   | Entered the Ecumenical Temple
  3812 | D:5      | Noticed Menkaure
  3815 | D:5      | Killed Menkaure
  3820 | D:5      | Noticed Eustachio
  3824 | D:5      | Gained mutation: You are frail. (-10% HP) [potion of
                  | mutation]
  3824 | D:5      | Gained mutation: You have a somewhat thin skeletal
                  | structure. (Dex +2, Stealth+) [potion of mutation]
  3824 | D:5      | Gained mutation: Your spells are a little easier to cast,
                  | but a little less powerful. [potion of mutation]
  3829 | D:5      | Killed from afar by a white imp

Illustrated notes

Levels and vault maps discovered:
D:1:      amcnicky_arrival_feature_with_door, layout_loops_ring,
          hellmonk_ecumenical_altar_arch_garden, serial_bayou_pond_a
D:2:      layout_loops_ring, kennysheep_decorative_pillar, uniq_jessica
D:3:      layout_loops_cross, elyvilon_altar_4, grunt_ministairs_6
D:4:      layout_rooms, fedhas_altar_2, tgw_kikubaaqudgha,
          nemelex_diamond_rough_becter, serial_shops, nicolae_shop_crystal,
          nicolae_shop_crystal, kennysheep_little_box
D:5:      layout_loops_ring, zin_angel, grunt_gozag_breadcrumbs,
          ebering_ghost_inner_flame, serial_shops, shop, sword_in_stone,
          uniq_menkaure
D:6:      layout_loops_ring, minmay_temple_entry_junction
D:7:      minmay_the_grid_triangle_9x9_rhombus_thin
          [minmay_the_grid_triangle_9x9_cache,
          minmay_the_grid_triangle_9x9_prize_center,
          minmay_the_grid_triangle_9x9_tough_junction,
          minmay_the_grid_triangle_9x9_longest], layout_basic,
          nicolae_qazlal_general_emergency, uniq_maggie
Temple:   pf_slime_end_temple

Skill      XL: |  1  2  3  4  5  6  7  8 |
---------------+-------------------------+-----
Unarmed Combat | 1 2 3 4 5 6 |  6.8
Fighting       | 4 5 6 7 |  7.9
Polearms       | |  2.8
Armour         | |  2.4
Shields        | |  2.4

Action                   |  1- 3 |  4- 6 |  7- 9 || total
-------------------------+-------+-------+-------++-------
Melee: Trident           |       |    48 |    50 ||    98
       Unarmed           |       |       |    68 ||    68
 Fire: Hunting sling     |    74 |    22 |       ||    96
Throw: Boomerang         |       |       |     1 ||     1
 Abil: Spit Poison       |    15 |    19 |    21 ||    55
Evoke: Wand              |       |       |     9 ||     9
  Use: Scroll            |     3 |     4 |     7 ||    14
       Potion            |       |     3 |     3 ||     6
 Stab: Invisible         |       |     1 |       ||     1
       Paralysed         |       |       |     3 ||     3
Armor: Scale mail        |     9 |       |       ||     9
       Plate armour      |       |    44 |    91 ||   135
       Skin              |       |       |     2 ||     2
Dodge: Dodged            |     7 |     1 |    14 ||    22
Block: Kite shield       |    18 |    26 |    51 ||    95

Table legend: (Time is in decaauts)
 A = Elapsed time spent in this place.
 B = Non-inter-level travel time spent in this place.
 C = Inter-level travel time spent in this place.
 D = Time resting spent in this place.
 E = Time spent auto-exploring this place.
 F = Levels seen in this place.
 G = Mean time per level.
                   A        B        C        D        E       F      G
               +--------+--------+--------+--------+--------+-----+--------+
         Total |   4887 |   4666 |    221 |     42 |   3745 |   8 |  610.9 |
       Dungeon |   4696 |   4489 |    207 |     42 |   3570 |   7 |  670.9 |
        Temple |    191 |    177 |     14 |      0 |    175 |   1 |  191.0 |
               +--------+--------+--------+--------+--------+-----+--------+

Top non-repeatable levels by time:
     D:1: 1091 daAuts
     D:2: 873 daAuts
     D:4: 867 daAuts
     D:5: 785 daAuts
     D:3: 689 daAuts
     D:6: 232 daAuts
  Temple: 191 daAuts
     D:7: 156 daAuts
